AoeStats
← luderick

Arabia

504060888Analyzed
1v1 RM · 1mo ago on Sep 3, 2026· 54m 47s· 2 players
Game mode
Random Map
Map size
Tiny (2 player)
Population
200
Speed
Normal
Resources
Standard
Victory
Conquest
Starting age
Dark Age
Ending age
Imperial Age
RankedLock teamsTeams togetherTeam positionsShared explorationLock speedFull tech treeHidden civsTurbo modeCheats
Victory
Defeat
🇲🇰 Berbers · North Macedonia
900
+16
🇵🇱 Vietnamese · Poland
903
-45
7zillyツ
9:55 Loom
11:40 Feudal Age
13:36 Double-Bit Axe
13:34 Horse Collar
16:28 Castle Age
15:56 Bloodlines
24:20 Heavy Plow
24:34 Bow Saw
25:37 Wheelbarrow
25:11 Herbal Medicine
26:38 Hand Cart
26:53 Fletching
28:21 Thumb Ring
27:38 Elite Skirmisher
28:44 Ballistics
30:09 Stone Mining
30:13 Gold Mining
30:51 Padded Archer Armor
32:14 Leather Archer Armor
32:40 Stone Shaft Mining
32:43 Gold Shaft Mining
34:08 Heavy Plow
35:11 Careening
35:12 Masonry
35:19 Town Watch
38:40 Imperial Age
36:27 Murder Holes
36:30 Bodkin Arrow
37:13 Fortified Wall
37:53 Town Patrol
38:44 Treadmill Crane
39:56 Ring Archer Armor
40:26 Conscription
41:32 Chemistry
40:38 Siege Engineers
41:31 Bracer
41:42 Forging
41:32 Scale Mail Armor
41:37 Scale Barding Armor
42:10 Kasbah
42:45 Hoardings
43:40 Iron Casting
43:20 Chain Mail Armor
43:25 Chain Barding Armor
44:23 Husbandry
45:25 Blast Furnace
44:55 Plate Mail Armor
45:00 Plate Barding Armor
47:16 Elite Genitour
47:39 Cavalier
52:19 Light Cavalry
53:19 Hussar
luderick
7:24 Loom
10:17 Feudal Age
11:39 Double-Bit Axe
14:24 Fletching
16:51 Gold Mining
16:53 Horse Collar
24:46 Castle Age
25:46 Wheelbarrow
24:51 Pikeman
26:02 Bow Saw
26:18 Squires
27:33 Forging
28:28 Stone Mining
28:44 Heavy Plow
30:29 Hand Cart
32:14 Bodkin Arrow
34:07 Padded Archer Armor
34:21 Thumb Ring
38:01 Imperial Age
36:21 Ballistics
39:10 Stone Shaft Mining
38:57 Bracer
38:20 Elite Rattan Archer
39:22 Paper Money
40:13 Two-Man Saw
42:01 Chemistry
44:09 Leather Archer Armor
46:55 Bloodlines
46:45 Husbandry
52:22 Caravan
53:13 Cavalier
54:50 Scale Barding Armor
54:45 Scale Mail Armor
Connection lost

Rejoining the realm…

Still unreachable

The connection could not be restored.

Session expired

The server has moved on; the page needs a fresh start.